 Dungeon Crawl Stone Soup version 0.25.1-2-g60ff931df9 (webtiles) character file.

Game seed: 1843849114063299151

13944 hawla the Carver (level 11, 0/87 HPs)
             Began as a Minotaur Fighter on Oct 24, 2020.
             Was an Initiate of Gozag.
             Slain by a rust devil (9 damage)
             ... in a Gauntlet.
             The game lasted 00:41:04 (16309 turns).

hawla the Carver (Minotaur Fighter)                Turns: 16309, Time: 00:41:05

Health: 0/87       AC: -33   Str: 23    XL:     11   Next: 82%
Magic:  19/19      EV: 13    Int:  5    God:    Gozag
Gold:   2357       SH:  5    Dex: 11    Spells: 10/10 levels left

rFire    . . .     SeeInvis .   H - +0 long sword (elec)
rCold    . . .     Gourm    .   (no shield)
rNeg     . . .     Faith    .   s - +0 chain mail
rPois    .         Spirit   .   (helmet restricted)
rElec    .         Reflect  +   i - +0 cloak
rCorr    .         Harm     .   (no gloves)
MR       .....     NoTele   +   b - +0 pair of boots
Stlth    ..........             o - amulet of reflection
HPRegen  0.24/turn              D - ring of magical power
MPRegen  0.16/turn              (no ring)

@: corroded
A: retaliatory headbutt, claws 1, horns 2, frail 1
a: Potion Petition, Call Merchant, Bribe Branch, Renounce Religion


You were in a Gauntlet.
You worshipped Gozag.
Gozag was most pleased with you.
You were not hungry.

You visited 2 branches of the dungeon, and saw 14 of its levels.
You also visited: Gauntlet.

You collected 2474 gold pieces.
You paid 117 gold pieces to Gozag.

Inventory:

Hand Weapons
 e - a +3 scimitar of flaming
 H - a +0 long sword of electrocution (weapon)
 L - the +7 dagger "Ruth" {freeze, rN+}
   (You found it on level 12 of the Dungeon)

   It has been specially enchanted to freeze those struck by it, causing extra
   injury to most foes and up to half again as much damage against particularly
   susceptible opponents.
   It can also slow down cold-blooded creatures.
   It protects you from negative energy.
Missiles
 c - 5 atropa-tipped darts
 t - 16 boomerangs (quivered)
 y - 7 poisoned darts
Armour
 b - a +0 pair of boots (worn)
 i - a +0 cloak (worn)
 s - a +0 chain mail (worn)
Jewellery
 o - an amulet of reflection (around neck)
 D - a ring of magical power (left claw)
Wands
 u - a wand of flame (60)
 w - a wand of paralysis (7)
 E - a wand of enslavement (10)
 J - a wand of disintegration (37)
Scrolls
 k - 4 scrolls of identify
 l - 2 scrolls of fear
 m - a scroll of fog
 n - 3 scrolls of magic mapping
 p - a scroll of enchant weapon
 q - 2 scrolls of remove curse
 r - 9 scrolls of teleportation
 C - a scroll of enchant armour
 M - a scroll of blinking
 N - a scroll of noise {unknown}
Potions
 d - a potion of might
 h - a potion of ambrosia
 j - 3 potions of stabbing
 x - 2 potions of flight
 z - 2 potions of haste
 F - 3 potions of cancellation
Comestibles
 f - 19 rations


   Skills:
 + Level 9.4 Fighting
 + Level 7.7(10.3) Short Blades
 + Level 11.7(12.7) Long Blades
 + Level 2.5 Throwing
 + Level 10.7 Armour
 * Level 9.9 Dodging
 + Level 2.7 Stealth
   Level 3.6 Shields
 + Level 0.4 Evocations


You had 10 spell levels left.
You didn't know any spells.
Your spell library was empty.

Dungeon Overview and Level Annotations

Branches:
Dungeon (13/15)            Temple (1/1) D:7            Lair (0/6) D:9
    Orc (0/2) D:12        Gauntlet (1/1)
 Vaults: D:13-14

Altars:
Ashenzari
Cheibriados
Dithmenos
Elyvilon
Fedhas
Gozag
Hepliaklqana
Kikubaaqudgha
Makhleb
Nemelex Xobeh
Okawaru
Qazlal
Ru
Sif Muna
Trog
Uskayaw
Vehumet
Wu Jian
Xom
Yredelemnul
Zin
The Shining One

Annotations:
D:11 3 runed translucent doors, Zouniz Rihu's ghost, novice DDFi Gauntlet 11 transporters, 5 runed translucent doors


Innate Abilities, Weirdness & Mutations

You reflexively headbutt those who attack you in melee.
You have a pair of horns on your head.
You have sharp fingernails.
You are frail. (-10% HP)


Message History

The rust devil is severely wounded.
The hell hound pauses to sniff the ground.
The rust devil hits you!
* * * LOW HITPOINT WARNING * * *
The rust devil corrodes you!
You hit the rust devil but do no damage.
You headbutt the rust devil, but do no damage.
The rust devil is severely wounded.
The rust devil hits you.
* * * LOW HITPOINT WARNING * * *
The rust devil corrodes you!
You hit the rust devil but do no damage.
Your headbutt misses the rust devil.
The rust devil is severely wounded.
The rust devil closely misses you.
You hit the rust devil but do no damage.
The rust devil is severely wounded.
The rust devil hits you!
You die...
Your body crumbles into a pile of gold.

.###"###.#.♣.P.♣..≈≈#
.###.©...#.........≈#
#################...####
.....©.........©#....≈≈#
####################..≈#
...........#.##.##.#...####
..P#≈#≈#...##.5#..##.♣..≈≈#
.PP≈≈≈≈≈P..###5##.##.PP..≈#
.♣.#≈#≈#.♣.#..#4@#.#.♣PP..##
..P≈≈≈≈≈.P.##.##.###..P...≈##
..P#≈#≈#...#.#..#..#.♣.P..≈≈#
...PP.P....#:##©##.#......≈#
##...♣...#############.♣P.##
©#.......#©....©....©#....≈##
#####.###################.≈≈#
©...#.#.28#8.2#.#2.h....#.≈##
.##.#.#2..8...#.#.#####.#.##


You could see a cacodemon, a rust devil, a hell hound and 2 iron imps.

Vanquished Creatures
  A centaur warrior (D:13)
  A two-headed ogre (D:9)
  A tengu warrior (Gauntlet)
  An unseen horror (D:12)
  Pikel (D:6)
  2 cyclopes
  A manticore (D:11)
  A centaur zombie (D:12)
  A gargoyle (D:10)
  An efreet (D:13)
  2 trolls
  3 tengu conjurers
  6 slime creatures (D:12)
  A hippogriff (D:11)
  Sigmund (D:6)
  6 yaks (D:11)
  A ynoxinul (Gauntlet)
  Menkaure (D:4)
  2 water moccasins
  A hornet zombie (D:8)
  2 ice beasts
  6 sky beasts
  A necrophage (D:8)
  2 phantoms
  An eye of draining (D:11)
  3 black bears
  5 ogres
  7 centaurs
  A crocodile (D:7)
  Blork the orc (D:4)
  2 bullfrogs
  4 scorpions
  9 killer bees
  10 wights
  3 howler monkeys
  4 crimson imps
  3 bullfrog zombies
  5 hounds
  A quasit (D:10)
  5 orc priests
  2 centaur skeletons
  4 jellies
  Crazy Yiuf (D:3)
  2 iron imps
  Jessica (D:3)
  A bullfrog skeleton (D:7)
  An iguana (D:7)
  Ijyb (D:5)
  6 orc wizards
  10 worker ants
  A howler monkey zombie (D:8)
  10 adders
  3 shadow imps
  An ooze (D:5)
  An adder skeleton (D:4)
  An adder zombie (D:6)
  3 worms
  3 leopard geckos
  20 orcs
  5 bats
  7 giant cockroaches
  4 goblins
  7 hobgoblins
  7 jackals
  2 kobolds
  2 quokkas (D:8)
  6 frilled lizards
  9 rats
231 creatures vanquished.

Vanquished Creatures (others)
  A centaur (D:13)
  A bullfrog (D:13)
  A plant (D:13)
3 creatures vanquished.

Grand Total: 234 creatures vanquished

Notes
Turn   | Place    | Note
-------+----------+-------------------------------------------
     0 | D:1      | hawla the Minotaur Fighter began the quest for the Orb.
     0 | D:1      | Reached XP level 1. HP: 19/19 MP: 0/0
   537 | D:1      | Reached skill level 1 in Dodging
   537 | D:1      | Reached XP level 2. HP: 27/27 MP: 1/1
  1165 | D:2      | Found a faded altar of an unknown god.
  1852 | D:2      | Reached XP level 3. HP: 24/33 MP: 2/2
  2208 | D:2      | Found a shattered altar of Ashenzari.
  2541 | D:3      | Reached skill level 3 in Long Blades
  3156 | D:3      | Noticed Jessica
  3161 | D:3      | Killed Jessica
  3161 | D:3      | Reached XP level 4. HP: 41/41 MP: 3/3
  3239 | D:3      | Found a runed translucent door.
  3240 | D:3      | Noticed Crazy Yiuf
  3933 | D:4      | Reached XP level 5. HP: 38/47 MP: 4/4
  3934 | D:4      | Reached skill level 4 in Long Blades
  3934 | D:4      | Noticed Blork the orc
  3943 | D:4      | Killed Blork the orc
  4116 | D:4      | Found a snail-covered altar of Cheibriados.
  4171 | D:4      | Noticed a phantom
  4180 | D:4      | Reached XP level 6. HP: 42/55 MP: 5/5
  4181 | D:4      | Reached skill level 5 in Fighting
  4181 | D:4      | Reached skill level 5 in Long Blades
  4411 | D:4      | Noticed Menkaure
  4416 | D:4      | Killed Menkaure
  4416 | D:4      | Reached skill level 1 in Stealth
  4416 | D:4      | Reached XP level 7. HP: 61/61 MP: 6/6
  4681 | D:3      | Killed Crazy Yiuf
  4760 | D:5      | Entered Level 5 of the Dungeon
  4817 | D:5      | Reached skill level 6 in Long Blades
  5190 | D:5      | Noticed Ijyb
  5201 | D:5      | Killed Ijyb
  5245 | D:5      | Reached skill level 5 in Dodging
  5730 | D:6      | Reached skill level 7 in Long Blades
  5831 | D:6      | Reached XP level 8. HP: 69/69 MP: 7/7
  5911 | D:6      | Noticed Sigmund
  5927 | D:6      | Killed Sigmund
  5927 | D:6      | Reached skill level 5 in Armour
  6249 | D:6      | Reached skill level 8 in Long Blades
  6384 | D:6      | Reached skill level 1 in Throwing
  6506 | D:6      | Found a sparkling altar of Nemelex Xobeh.
  6706 | D:6      | Noticed Pikel
  6733 | D:6      | Killed Pikel
  6885 | D:7      | Gained mutation: You are frail. (-10% HP) [potion of
                  | mutation]
  6885 | D:7      | Gained mutation: You have sharp fingernails. [potion of
                  | mutation]
  6940 | D:7      | Found a staircase to the Ecumenical Temple.
  6949 | Temple   | Entered the Ecumenical Temple
  7177 | D:7      | Reached skill level 9 in Long Blades
  7268 | D:7      | Reached XP level 9. HP: 56/70 MP: 8/8
  7606 | D:7      | Found a glowing golden altar of the Shining One.
  7764 | D:8      | Found a shadowy altar of Dithmenos.
  8050 | D:8      | Reached skill level 1 in Short Blades
  8947 | D:9      | Noticed a troll
  8953 | D:9      | Killed a troll
  8953 | D:9      | Reached skill level 10 in Long Blades
  9305 | D:9      | Found a staircase to the Lair.
  9598 | D:9      | Reached XP level 10. HP: 57/77 MP: 9/9
  9738 | D:9      | Noticed a two-headed ogre
  9745 | D:9      | Killed a two-headed ogre
 10224 | D:9      | Found a blossoming altar of Fedhas.
 10230 | D:9      | Found a stormy altar of Qazlal.
 10230 | D:9      | Found a shadowy altar of Dithmenos.
 10233 | D:9      | Found an opulent altar of Gozag.
 10237 | D:9      | Became a worshipper of Gozag Ym Sagoz the Greedy
 10303 | D:9      | Found a shimmering blue altar of Sif Muna.
 10478 | D:10     | Entered Level 10 of the Dungeon
 11212 | D:10     | Noticed a gargoyle
 11221 | D:10     | Killed a gargoyle
 11791 | D:11     | Reached skill level 11 in Long Blades
 11826 | D:11     | Noticed Zouniz Rihu's ghost (novice DDFi)
 11911 | D:11     | Found a runed translucent gate.
 11911 | D:11     | Found a runed translucent gate.
 11911 | D:11     | Found a runed translucent gate.
 12257 | D:11     | Noticed a manticore
 12269 | D:11     | Killed a manticore
 12269 | D:11     | Reached skill level 5 in Short Blades
 12422 | D:11     | Reached XP level 11. HP: 59/85 MP: 10/10
 13069 | D:12     | Identified a scroll of acquirement
 13070 | D:12     | Acquired 1030 gold pieces
 13880 | D:12     | Found a staircase to the Orcish Mines.
 14045 | D:12     | Killed an unseen horror
 14045 | D:12     | Reached skill level 10 in Armour
 14373 | D:12     | Got a warped dagger
 14515 | D:12     | Identified the +7 dagger "Ruth" {freeze, rN+} (You found it
                  | on level 12 of the Dungeon)
 15257 | D:13     | Noticed a deep elf mage
 15359 | D:13     | Noticed a centaur warrior
 15362 | D:13     | Found a gate leading to a gauntlet.
 15363 | D:13     | Noticed a centaur warrior
 15373 | D:13     | HP: 5/130 [centaur/arrow[a centaur warrior] (6)]
 15410 | D:13     | Killed a centaur warrior
 15491 | Gauntlet | Entered a Gauntlet
 15491 | Gauntlet | Found a transporter.
 15493 | Gauntlet | Noticed a tengu warrior
 15737 | Gauntlet | Found a transporter.
 15740 | Gauntlet | Found a transporter.
 15759 | Gauntlet | Found a transporter.
 15761 | Gauntlet | Noticed a tengu warrior
 15771 | Gauntlet | Found a transporter.
 15773 | Gauntlet | Found a transporter.
 15775 | Gauntlet | Noticed an entropy weaver
 15819 | Gauntlet | Found a transporter.
 15820 | Gauntlet | Found a transporter.
 15824 | Gauntlet | Found a runed translucent door.
 15824 | Gauntlet | Found a runed translucent door.
 15835 | Gauntlet | Found a transporter.
 15852 | Gauntlet | Found a transporter.
 15854 | Gauntlet | Found the +1 cloak of Starlight {rElec rC+ EV+4 Stlth--}
 15855 | Gauntlet | Noticed a cacodemon
 15861 | Gauntlet | Found a runed translucent gate.
 15862 | Gauntlet | Found a transporter.
 15862 | Gauntlet | Found a runed translucent gate.
 15863 | Gauntlet | Found a runed translucent gate.
 15865 | Gauntlet | Noticed a hell hog
 15875 | Gauntlet | Found a transporter.
 15927 | Gauntlet | Found a transporter.
 15927 | Gauntlet | Found a transporter.
 16041 | Gauntlet | Killed a tengu warrior
 16309 | Gauntlet | Slain by a rust devil

Illustrated notes

Levels and vault maps discovered:
D:1:      dpeg_arrival_tiny_j, layout_basic, chequers_serial_rivers_micro_c
D:2:      layout_basic, evilmike_ruin_ashenzari,
          chequers_ecumenical_altar_simple_redux
D:3:      layout_basic, first_ration, uniq_crazy_yiuf_cottage, uniq_jessica
D:4:      layout_rooms, grunt_ministairs_7, chei_slow_surprise,
          uniq_blork_the_orc, uniq_menkaure
D:5:      layout_loops_corners, uniq_ijyb
D:6:      layout_basic, nemelex_spade_bored_becter, uniq_pikel, uniq_sigmund
D:7:      layout_rooms, lemuel_coloured_pillars_altar,
          minmay_temple_entry_waves, grunt_ogre_cave
D:8:      layout_basic, hex_intersection, grunt_dithmenos_smoke_and_mirrors
D:9:      layout_layer_cave, minitemple, lair_entry_dummy, basic_altar
D:10:     layout_grid_maze
D:11:     layout_gridville, gammafunk_ghost_icy
D:12:     layout_grid_maze, orc_0_dummy
D:13:     layout_rooms, gauntlet_entry_generic, minmay_shattered_shrine
Temple:   eino_temple_scatter_basement
Gauntlet: minmay_gauntlet_77_tree [minmay_gauntlet_arena_77_p_blocks,
          minmay_gauntlet_arena_77_mirror,
          minmay_gauntlet_arena_77_tiled_triplets,
          minmay_gauntlet_arena_77_radiant_squares,
          minmay_gauntlet_arena_77_run_for_it,
          minmay_gauntlet_arena_77_terracotta_army,
          minmay_gauntlet_arena_77_shame_cube, gauntlet_exit_watery]

Skill      XL: |  1  2  3  4  5  6  7  8  9 10 11 |
---------------+----------------------------------+-----
Dodging        | 1 2 3 4 5 6 7 9 |  9.9
Fighting       | 4 5 6 7 8 9 |  9.4
Armour         | 4 6 7 9 10 | 10.7
Long Blades    | 3 4 5 7 9 10 11 | 11.7
Stealth        | 1 2 |  2.7
Throwing       | 1 2 |  2.5
Short Blades   | 3 5 7 |  7.7
Shields        | |  3.6
Evocations     | |  0.4

Action                   |  1- 3 |  4- 6 |  7- 9 | 10-12 || total
-------------------------+-------+-------+-------+-------++-------
Melee: Long sword        |    80 |    56 |   156 |    80 ||   372
       Headbutt          |    17 |     8 |    72 |    79 ||   176
       Scimitar          |       |       |    76 |    23 ||    99
       Rapier            |       |       |    63 |   160 ||   223
       Falchion          |       |       |    14 |       ||    14
       Great sword       |       |       |       |    20 ||    20
       Dagger            |       |       |       |   110 ||   110
Throw: Dart              |     1 |       |     9 |    10 ||    20
       Boomerang         |       |       |       |    17 ||    17
Evoke: Wand              |       |     3 |       |     1 ||     4
  Use: Scroll            |     8 |     3 |    13 |     5 ||    29
       Potion            |       |       |     1 |    17 ||    18
 Stab: Invisible         |       |       |       |     3 ||     3
  Eat: Chunk             |     7 |     4 |    13 |     2 ||    26
       Ration            |       |       |     1 |     6 ||     7
Armor: Robe              |     7 |     3 |       |       ||    10
       Leather armour    |       |     5 |       |       ||     5
       Scale mail        |       |       |    31 |       ||    31
       Ring mail         |       |       |     8 |       ||     8
       Chain mail        |       |       |    74 |   160 ||   234
       Skin              |       |       |       |    38 ||    38
Dodge: Dodged            |    55 |    35 |   120 |   187 ||   397
Block: Other             |     4 |    18 |    49 |    73 ||   144
       Reflection        |     1 |     1 |     1 |     7 ||    10
       Rpst.: Long sword |    13 |    16 |    23 |     3 ||    55
       Scimitar          |       |       |     4 |     2 ||     6
       Falchion          |       |       |     2 |       ||     2
       Great sword       |       |       |       |     1 ||     1
